AoeStats
← 拾贰赴秋

Arena

510346503Analyzed
4v4 RM · 1d ago on Sep 30, 2026· 35m 6s· 8 players
Game mode
Random Map
Map size
Large (8 player)
Population
200
Speed
Normal
Resources
Standard
Victory
Conquest
Starting age
Dark Age
Ending age
Imperial Age
RankedLock teamsTeams togetherTeam positionsShared explorationLock speedFull tech treeHidden civsTurbo modeCheats
Victory
Defeat
🇨🇳 Malay · China
1262
+14
🇨🇳 Khmer · China
1243
+14
🇨🇳 Huns · China
1146
+18
🇨🇳 Varangians · China
1054
+22
🇫🇷 Persians · France
1229
-18
🇷🇴 Aztecs · Romania
1209
-17
🇹🇷 Ethiopians · Türkiye
1193
-17
🇪🇸 Celts · Spain
1175
-16
Nicolass
10:41 Feudal Age
15:15 Castle Age
18:26 Forging
19:21 Scale Mail Armor
19:44 Man-at-Arms
21:17 Long Swordsman
25:05 Double-Bit Axe
29:45 Gold Mining
30:04 Fletching
30:31 Chain Mail Armor
35:21 Imperial Age
33:12 Bodkin Arrow
34:52 Gold Shaft Mining
35:42 Iron Casting
kiara.g
10:45 Feudal Age
12:15 Loom
15:03 Castle Age
13:58 Wheelbarrow
13:39 Double-Bit Axe
13:48 Horse Collar
18:10 Bow Saw
19:30 Heavy Plow
26:03 Hand Cart
26:02 Gold Mining
29:51 Imperial Age
28:18 Forging
28:13 Scale Barding Armor
28:12 Town Watch
28:31 Stone Mining
29:18 Gold Shaft Mining
29:30 Town Patrol
31:12 Two-Man Saw
31:00 Crop Rotation
29:57 Elite War Elephant
30:59 Chain Barding Armor
31:16 Iron Casting
32:24 Chemistry
32:57 Conscription
33:20 Plate Barding Armor
RoaZorro
10:12 Feudal Age
12:32 Double-Bit Axe
12:30 Horse Collar
15:30 Castle Age
16:24 Bow Saw
17:33 Heavy Plow
25:16 Wheelbarrow
29:49 Imperial Age
28:15 Hand Cart
27:46 Loom
28:38 Scale Mail Armor
28:48 Forging
28:40 Padded Archer Armor
28:30 Fletching
28:14 Eagle Warrior
28:53 Arson
29:20 Squires
30:28 Chain Mail Armor
30:49 Iron Casting
30:59 Conscription
31:17 Elite Eagle Warrior
33:04 Plate Mail Armor
34:19 Blast Furnace
33:14 Bodkin Arrow
35:27 Chemistry
34:48 Ballistics
34:35 Siege Engineers
yenese
11:29 Feudal Age
12:08 Double-Bit Axe
12:04 Horse Collar
15:08 Castle Age
16:14 Bow Saw
16:13 Heavy Plow
16:16 Loom
30:35 Fletching
每逢佳节瘦两斤
11:10 Feudal Age
13:54 Castle Age
11:44 Double-Bit Axe
12:18 Horse Collar
14:29 Loom
17:07 Bow Saw
18:05 Heavy Plow
20:44 Stone Mining
21:10 Gold Mining
23:49 Gold Shaft Mining
27:22 Wheelbarrow
28:11 Husbandry
28:22 Bloodlines
32:01 Imperial Age
30:35 Scale Barding Armor
32:23 Chain Barding Armor
34:02 Crop Rotation
34:13 Stone Shaft Mining
34:22 Plate Barding Armor
33:58 Forging
34:26 Elite Battle Elephant
鸡翅包饭
11:42 Feudal Age
15:05 Castle Age
13:50 Loom
14:53 Fletching
25:05 Bodkin Arrow
32:37 Double-Bit Axe
35:00 Horse Collar
拾贰赴秋
10:02 Feudal Age
13:55 Castle Age
19:38 Wheelbarrow
20:09 Double-Bit Axe
22:09 Hand Cart
21:38 Horse Collar
22:39 Bow Saw
24:26 Heavy Plow
25:32 Squires
25:34 Gold Mining
30:30 Imperial Age
28:50 Forging
28:41 Scale Mail Armor
28:57 Gambesons
28:57 Arson
30:24 Iron Casting
29:57 Stone Mining
31:04 Chain Mail Armor
31:04 Elite Varangian Guard
31:39 Capped Ram
33:38 Blast Furnace
33:09 Plate Mail Armor
33:08 Loom
优雅猫
10:49 Feudal Age
11:31 Double-Bit Axe
14:29 Castle Age
12:42 Horse Collar
15:41 Wheelbarrow
15:34 Bow Saw
16:08 Heavy Plow
20:39 Gold Mining
22:21 Gold Shaft Mining
22:30 Hand Cart
23:46 Stone Mining
24:16 Loom
24:16 Town Watch
25:24 Thumb Ring
25:10 Fletching
25:20 Padded Archer Armor
28:50 Imperial Age
26:49 Bodkin Arrow
27:56 Ballistics
28:27 Leather Archer Armor
28:22 Husbandry
29:55 Bloodlines
29:53 Bracer
30:54 Chemistry
29:16 Heavy Cavalry Archer
30:22 Parthian Tactics
31:06 Two-Man Saw
31:04 Parthian Tactics
30:16 Capped Ram
32:06 Scale Barding Armor
32:11 Forging
32:13 Masonry
31:58 Murder Holes
32:42 Siege Ram
Connection lost

Rejoining the realm…

Still unreachable

The connection could not be restored.

Session expired

The server has moved on; the page needs a fresh start.